Map: Deathaura LE

Players

RyuKey

  • Race: Zerg Zerg
  • League: Diamond
  • Spawn Location: 5:00

FunkyPants - Winner!

  • Race: Terran Terran
  • League: Diamond
  • Spawn Location: 11:00

VOD

Have the link to the VOD?

Description

Time

  • Played on: June 13, 2020, 1:43 p.m.
  • Length: 12:43
Show
View Real Time Build Order
Export as new Build Order

RyuKey Zerg 

Build Orders: Hatch First, Muta Ling Bane 

Get SALT Encoding   

  12  0:01  Drone  
  13  0:12  Overlord  
  13  0:19  Drone  
  14  0:31  Drone x2  
  16  0:49  Hatchery  
  15  0:52  Drone  
  16  0:59  Drone  
  16  1:00  Drone  
  18  1:16  Extractor  
  18  1:18  Spawning Pool  
  16  1:20  Drone x2  
  18  1:28  Drone  
  19  1:39  Drone  
  20  1:50  Overlord  
  20  2:05  Zergling x4  
  20  2:06  Queen x2  
  26  2:17  Metabolic Boost  
  26  2:20  Drone x2  
  28  2:38  Drone x3  
  28  2:41  Queen  
  28  2:42  Queen  
  35  2:52  Drone  
  35  2:53  Overlord  
  35  2:54  Overlord  
  36  3:18  Drone x10  
  46  3:32  Lair  
  46  3:57  Hatchery  
  46  4:01  Baneling Nest  
  44  4:02  Extractor  
  44  4:03  Drone x3  
  44  4:04  Drone x2, Extractor x2  
  46  4:20  Queen  
  46  4:21  Drone  
  46  4:22  Drone x3  
  52  4:24  Overlord x3  
  51  4:54  Spore Crawler  
  51  4:57  Spore Crawler  
  48  5:00  Drone x2  
  48  5:01  Drone x3  
  53  5:07  Centrifical Hooks  
  53  5:11  Drone x3  
  53  5:12  Spire  
  56  5:14  Drone x4  
  59  5:34  Drone x2  
  61  5:38  Drone x6  
  67  5:52  Zergling x8  
  71  6:09  Extractor  
  71  6:10  Extractor, Spore Crawler  
  71  6:11  Baneling x8  
  68  6:27  Mutalisk x4  
  68  6:28  Mutalisk x2  
  68  6:30  Overlord x7  
  68  6:32  Evolution Chamber  
  79  6:33  Evolution Chamber  
  78  6:46  Zergling x8  
  82  6:54  Drone x3  
  82  6:55  Drone x5  
  90  7:02  Mutalisk  
  90  7:03  Mutalisk x4  
  100  7:17  Mutalisk x3  
  100  7:21  Zergling x2  
  100  7:22  Zergling x6  
  99  7:40  Zergling x10  
  94  7:55  Zergling x8  
  94  7:57  Baneling x6  
  79  8:22  Zergling x2  
  79  8:23  Zergling x16  
  87  8:36  Zergling x2  
  87  8:39  Mutalisk x3  
  94  8:50  Drone x3  
  97  8:57  Hatchery, Zerg Ground Armor Level 1, Zerg Melee Weapons Level 1  
  97  9:00  Drone x2  
  97  9:01  Queen, Drone x4  
  104  9:17  Drone  
  105  9:31  Hatchery  
  104  9:34  Hatchery  
  103  9:38  Zergling x6  
  103  9:39  Zergling x22  
  103  9:41  Baneling  
  103  9:42  Baneling x22  
  117  9:53  Mutalisk x2  
  117  9:54  Mutalisk x2  
  125  10:01  Zergling x4  
  127  10:13  Mutalisk x4  
  108  10:41  Zergling x22  
  109  10:56  Zergling x22  
  120  11:07  Baneling x6  
  120  11:08  Baneling x7  
  118  11:15  Infestation Pit  
  83  11:45  Zergling x22  
  83  11:46  Zergling x32  
  98  12:07  Mutalisk x3  
  98  12:08  Mutalisk x7  
Show
View Real Time Build Order
Export as new Build Order

FunkyPants Terran - Winner!

Build Orders: Reaper Expand 

Get SALT Encoding   

  12  0:01  SCV  
  13  0:13  SCV  
  14  0:18  Supply Depot  
  14  0:25  SCV  
  15  0:39  SCV  
  15  0:41  Barracks  
  16  0:47  Refinery  
  16  0:52  SCV  
  17  1:04  SCV  
  18  1:16  SCV  
  19  1:29  Orbital Command  
  19  1:30  Reaper  
  20  1:42  Command Center  
  20  1:51  Refinery  
  20  1:57  Supply Depot  
  20  1:59  SCV  
  21  2:09  Barracks Reactor  
  21  2:13  SCV  
  22  2:24  Factory  
  22  2:26  SCV  
  23  2:38  SCV  
  24  2:48  Marine x2  
  24  2:50  SCV  
  27  2:55  Barracks  
  27  3:01  Orbital Command  
  27  3:02  SCV  
  28  3:11  Factory Tech Lab  
  28  3:16  Marine x2  
  30  3:30  Siege Tank  
  33  3:42  SCV  
  33  3:43  SCV  
  34  3:54  SCV, Engineering Bay  
  34  3:55  SCV  
  35  4:03  Engineering Bay, Barracks Tech Lab  
  35  4:06  SCV, Siege Tank  
  35  4:07  SCV  
  40  4:17  Supply Depot  
  40  4:18  SCV  
  40  4:21  Terran Infantry Weapons Level 1  
  40  4:22  Marine x3, Supply Depot  
  44  4:27  Stimpack  
  44  4:29  Terran Infantry Armor Level 1  
  44  4:30  SCV x2  
  46  4:42  SCV  
  46  4:43  SCV  
  48  4:51  Starport  
  48  4:54  Barracks, SCV  
  48  4:55  Barracks, SCV  
  48  4:59  Marine  
  50  5:00  Marine x2  
  50  5:04  Siege Tank  
  50  5:07  SCV x2  
  58  5:19  Refinery, SCV x2  
  58  5:20  Refinery, Supply Depot  
  60  5:24  Supply Depot  
  60  5:26  Marine x2  
  62  5:29  Starport Reactor  
  62  5:40  Supply Depot  
  62  5:42  Marine, SCV x2  
  65  5:46  Barracks  
  65  5:47  Barracks Reactor x2  
  65  5:48  Marine x2  
  67  5:50  Barracks  
  67  6:00  Marine  
  68  6:05  Marine  
  68  6:06  Marine  
  68  6:07  Armory  
  68  6:09  Medivac  
  68  6:10  Medivac  
  74  6:17  Marine  
  75  6:23  Marine x2  
  75  6:24  Marine x4  
  81  6:28  Combat Shield  
  81  6:35  Marine  
  82  6:41  Marine x2  
  82  6:42  Medivac  
  82  6:45  Barracks Reactor  
  86  7:07  Command Center  
  86  7:28  Marine x3  
  86  7:34  Medivac, Marine x4  
  76  7:55  Marine x10  
  81  8:12  Marine  
  81  8:13  Marine x4  
  81  8:17  Marine  
  81  8:18  Marine x3  
  78  8:25  Marine, Orbital Command  
  71  8:29  Terran Infantry Weapons Level 2, Terran Infantry Armor Level 2  
  71  8:30  Marine  
  71  8:31  Marine x3  
  71  8:33  Medivac x2  
  76  8:36  Missile Turret  
  76  8:42  Missile Turret  
  76  8:44  Missile Turret  
  76  8:48  Marine x2  
  76  8:49  Marine x5, Missile Turret  
  76  8:51  Missile Turret x2  
  76  8:53  Missile Turret  
  76  8:55  Siege Tank  
  86  9:09  Marine  
  87  9:10  Marine x9  
  87  9:14  SCV  
  87  9:15  SCV x2  
  99  9:31  SCV x2  
  99  9:37  Factory  
  101  9:38  Concussive Shells, Supply Depot  
  101  9:39  Supply Depot x2  
  101  9:47  Barracks Reactor  
  101  9:49  Barracks  
  101  9:57  Barracks  
  101  9:59  Marine x7  
  101  10:00  Marine x2, SCV x3, Siege Tank  
  101  10:04  Supply Depot  
  101  10:05  Supply Depot  
  116  10:08  Medivac x2, Supply Depot  
  120  10:17  Marine x2  
  120  10:18  Marine x2  
  123  10:31  Supply Depot  
  123  10:32  Siege Tank  
  118  10:39  Marine  
  118  10:40  Marine x11  
  114  10:49  Marine  
  115  10:57  Marine  
  115  10:58  Marine x8  
  124  11:04  Marine  
  124  11:05  Marine x2  
  124  11:06  Marine  
  124  11:10  Siege Tank  
  131  11:15  Medivac x2, Marine  
  131  11:16  Marine x6  
  115  11:35  Marine x6  
  115  11:36  Marine x7  
  114  11:42  Siege Tank  
  117  11:53  Marine x2  
  116  12:10  Marine  
  116  12:11  Marine x9  
  111  12:19  Marine x3  
Tags
 
Add a new tag
Caveats
  • Supply blocks, unpowered buildings, or Contaminate may cause inaccurate times.
  • Supply counts are checked every 10 seconds.